 Dungeon Crawl Stone Soup version 0.30-a0-883-g5ad918d77d (webtiles) character file.

Game seed: 177888624389230654

171 hikkokomori the Slasher (level 5, -2/42 HPs)
             Began as a Merfolk Gladiator on Mar 17, 2023.
             Slain by an orc wizard
             ... wielding a +0 dagger
              (3 damage)
             ... on level 3 of the Dungeon.
             The game lasted 00:05:49 (2597 turns).

hikkokomori the Slasher (Merfolk Gladiator)         Turns: 2597, Time: 00:05:50

Health: -2/42      AC:  9    Str: 20    XL:     5   Next: 51%
Magic:  5/5        EV:  9    Int:  8    God:
Gold:   103        SH:  0    Dex: 17    Spells: 4/4 levels left

rFire   . . .      SeeInvis .    a - +0 long sword
rCold   . . .      Faith    .    (no shield)
rNeg    . . .      Spirit   .    p - +0 chain mail
rPois   .          Reflect  .    c - +0 helmet
rElec   .          Rampage  .    (no cloak)
rCorr   .                        (no gloves)
Will    .....                    (no boots) Stlth
                                 (no amulet)
HPRegen 0.27/turn                g - +6 ring of strength
MPRegen 0.09/turn                (no ring)

@: lethally poisoned (-2 -> -25)
A: (nimble swimmer 2), mertail
a: no special abilities


You were on level 3 of the Dungeon.
You visited 1 branch of the dungeon, and saw 3 of its levels.

You collected 103 gold pieces.

Inventory:

Hand Weapons
 a - a +0 long sword (weapon)
 n - the +1 dagger of the Crafting Gods {pain, Fly rC- rCorr}
   (You found it on level 2 of the Dungeon)

   rC:        It makes you vulnerable to cold.
   Fly:       It grants you flight.
   rCorr:     It protects you from acid and corrosion.
Missiles
 d - 3 throwing nets (quivered)
 e - a javelin
 h - 16 poisoned darts
 k - 4 atropa-tipped darts
Armour
 b - a +0 leather armour
 c - a +0 helmet (worn)
 p - a +0 chain mail (worn)
Jewellery
 g - a +6 ring of strength (left hand)
Scrolls
 i - 3 scrolls of identify
 l - a scroll of enchant armour
 o - a scroll of fog
Potions
 j - a potion of flight
 m - a potion of attraction


   Skills:
 + Level 3.8 Fighting
 + Level 5.1 Long Blades
 - Level 2.0 Throwing
 - Level 4.0 Dodging
 + Level 3.3 Stealth


You had 4 spell levels left.
You didn't know any spells.
Your spell library contained the following spells:

 Spells                   Type           Power      Damage    Failure   Level
 Necrotise                Necr           0%         1d4       99%         1
 Gell's Gravitas          Tloc           0%         N/A       100%        3
 Teleport Other           Tloc           0%         N/A       100%        3
 Vampiric Draining        Necr           0%         2d6       100%        3
 Anguish                  Hex/Necr       0%         N/A       100%        4
 Agony                    Necr           0%         N/A       100%        5
 Dispersal                Tloc           0%         N/A       100%        6
 Enfeeble                 Hex            0%         N/A       100%        7


Dungeon Overview and Level Annotations

Branches:
Dungeon (3/15)

Altars:

Shops:
D:3 *


Innate Abilities, Weirdness & Mutations

((You are very nimble when in or above water. (Stealth+, EV+, Speed+++)))
Your lower body shifts to a powerful aquatic tail in water.


Message History

Unknown command.
You barely miss something.
You feel sick. Something hits you but does no damage.
You hear some strange, mumbled words.
Something tries to affect you, but you resist.
Unknown command.
You completely miss something.
You feel sick.
Something hits you but does no damage. x2
You are more poisoned.
Unknown command.
Something hits you but does no damage.
You are lethally poisoned!
You feel less confused.
You feel very sick.
Unknown command.
You feel better.
You barely miss something. Something hits you but does no damage.
Something hits you.
You are poisoned.
Something hits you but does no damage.
You are more poisoned.
Something hits you.
Unknown command.
You hit something.
You feel very sick. Something hits you but does no damage. Something hits you.
You are lethally poisoned!
Unknown command.
You closely miss something.
* * * LOW HITPOINT WARNING * * *
You feel extremely sick. Something hits you.
* * * LOW HITPOINT WARNING * * *
Something hits you but does no damage.
You are more poisoned.
You closely miss something.
* * * LOW HITPOINT WARNING * * *
You feel extremely sick. Something hits you.
You die...

..###.......##...#...o...#......
....+........'..............
....#.......##.......#...#..
...................##....#
....####.......[.........#.
...............)#.#........
..............).+.....######
..##...........{#.....#
..##.....###...{@.....#
..##.....##.....##....#
..##.....##.....#######
.###.....##.........## .#
#.....##..........#
.###########>.##.....##
..##≈≈≈≈≈§≈#...#......#
#.##≈≈§§≈≈≈#...#......#
..##≈§§≈§≈≈#..........##### ####


There were no monsters in sight!

Vanquished Creatures
  Natasha (D:2)
  2 adders (D:2)
  3 gnolls (D:3)
  A worm (D:2)
  An adder simulacrum (D:2)
  4 dart slugs
  10 orcs
  3 ball pythons
  8 bats
  2 bat skeletons (D:2)
  5 endoplasms
  2 giant cockroaches (D:3)
  4 goblins
  7 hobgoblins
  3 jackals (D:3)
  5 quokkas
  2 ball python skeletons (D:2)
  3 frilled lizards
  3 kobolds
  A quokka skeleton (D:2)
  2 rats
72 creatures vanquished.

Vanquished Creatures (others)
  19 withered plants (D:2)
19 creatures vanquished.

Grand Total: 91 creatures vanquished

Notes
Turn   | Place    | Note
-------+----------+-------------------------------------------
     0 | D:1      | hikkokomori the Merfolk Gladiator began the quest for the
                  | Orb.
     0 | D:1      | Reached XP level 1. HP: 16/16 MP: 1/1
   368 | D:1      | Reached skill level 1 in Stealth
   368 | D:1      | Reached XP level 2. HP: 23/23 MP: 2/2
   450 | D:1      | Reached skill level 4 in Long Blades
   646 | D:2      | Reached XP level 3. HP: 20/28 MP: 3/3
   941 | D:2      | Found a faded altar of an unknown god.
  1048 | D:2      | Reached XP level 4. HP: 35/35 MP: 4/4
  1205 | D:2      | Noticed Natasha
  1236 | D:2      | Killed Natasha
  1236 | D:2      | HP: 1/35 [ball python skeleton (2)]
  1709 | D:2      | Identified the +1 dagger of the Crafting Gods {pain, Fly
                  | rC- rCorr}
  1785 | D:2      | Reached XP level 5. HP: 41/41 MP: 5/5
  2152 | D:3      | Reached skill level 5 in Long Blades
  2263 | D:3      | Found Uneymp's General Store.
  2597 | D:3      | HP: 1/42 [poisoned by an orc wizard]
  2597 | D:3      | Slain by an orc wizard

Illustrated notes

Levels and vault maps discovered:
D:1:      lightli_arrival_boilingwater, layout_basic,
          chequers_serial_rivers_small_b
D:2:      layout_loops_ring, hellmonk_ecumenical_altar_prayer_group,
          dilly_guarded_unrand_morg
D:3:      layout_basic, serial_shops, nicolae_shop_crystal,
          kennysheep_generic_room_9, uniq_crazy_yiuf_cottage

Skill      XL: |  1  2  3  4  5 |
---------------+----------------+-----
Stealth        | 1 2 3 |  3.3
Long Blades    | 4 5 |  5.1
Fighting       | 3 |  3.8
Throwing       | |  2.0
Dodging        | |  4.0

Action                     |  1- 3 |  4- 6 || total
---------------------------+-------+-------++-------
  Melee: Long sword        |    75 |   138 ||   213
         Punch             |     1 |       ||     1
  Throw: Dart              |       |     5 ||     5
    Use: Scroll            |       |     5 ||     5
         Potion            |       |     1 ||     1
   Stab: Sleeping          |     2 |     4 ||     6
         Distracted        |     1 |       ||     1
 Armour: Leather armour    |    16 |    49 ||    65
         Chain mail        |       |    18 ||    18
  Dodge: Dodged            |    53 |   112 ||   165

Table legend: (Time is in decaauts)
 A = Elapsed time spent in this place.
 B = Non-inter-level travel time spent in this place.
 C = Inter-level travel time spent in this place.
 D = Time resting spent in this place.
 E = Time spent auto-exploring this place.
 F = Levels seen in this place.
 G = Mean time per level.
                   A        B        C        D        E       F      G
               +--------+--------+--------+--------+--------+-----+--------+
         Total |   2631 |   2465 |    166 |    262 |   1594 |   3 |  877.0 |
       Dungeon |   2631 |   2465 |    166 |    262 |   1594 |   3 |  877.0 |
               +--------+--------+--------+--------+--------+-----+--------+

Top non-repeatable levels by time:
     D:2: 922 daAuts
     D:1: 894 daAuts
     D:3: 815 daAuts
